 Dungeon Crawl Stone Soup version 0.29-a0-271-gd4eb659eea (webtiles) character file.

Game seed: 4444584795762116977

28896 YayAnonymity the Severer (level 13, -6/107 HPs)
             Began as a Barachi Fighter on Mar 9, 2022.
             Was an Elder of Cheibriados.
             Mangled by a yak (11 damage)
             ... on level 11 of the Dungeon.
             The game lasted 00:27:15 (13849 turns).

YayAnonymity the Severer (Barachi Fighter)         Turns: 13849, Time: 00:27:15

Health: -6/107     AC: 18    Str: 30    XL:     13   Next: 41%
Magic:  0/18       EV:  7    Int: 18    God:    Cheibriados [****..]
Gold:   1302       SH:  6    Dex: 22    Spells: 12/12 levels left

rFire   . . .      SeeInvis +   P - +2 hand axe (flame)
rCold   + . .      Faith    .   c - +0 buckler
rNeg    . . .      Spirit   +   w - +1 plate armour
rPois   .          Reflect  .   (no helmet)
rElec   .          Harm     .   s - +0 cloak
rCorr   .          Rampage  .   F - +0 pair of gloves
Will    .....                   (no boots)
Stlth   ..........              r - amulet of guardian spirit
HPRegen 0.27/turn               b - ring of see invisible
MPRegen 0.16/turn               i - ring of protection from cold

@: unable to hop, very slow
A: amphibious, slowness 1, strong legs 2, +LOS
a: Hop, Renounce Religion, Bend Time, Temporal Distortion, Slouch


You were on level 11 of the Dungeon.
You worshipped Cheibriados.
Cheibriados was greatly pleased with you.
You visited 2 branches of the dungeon, and saw 12 of its levels.
You also visited: Ossuary and Bailey.

You collected 1357 gold pieces.
You spent 55 gold pieces at shops.

Inventory:

Hand Weapons
 d - a +0 broad axe
 e - a +2 war axe
 P - a +2 hand axe of flaming (weapon)
Missiles
 o - 36 poisoned darts (quivered)
 C - 4 throwing nets
 K - 13 boomerangs
Armour
 c - a +0 buckler (worn)
 s - a +0 cloak (worn)
 w - a +1 plate armour (worn)
 F - a +0 pair of gloves (worn)
 O - a +1 scale mail of willpower
Jewellery
 b - a ring of see invisible (left hand)
 i - a ring of protection from cold (right hand)
 r - an amulet of guardian spirit (around neck)
Wands
 p - a wand of digging (3)
 y - a wand of paralysis (13)
 I - a wand of flame (6)
Scrolls
 j - 2 scrolls of amnesia
 k - 6 scrolls of teleportation
 m - 2 scrolls of acquirement
 v - 2 scrolls of brand weapon
 x - 5 scrolls of blinking
 A - 4 scrolls of fear
 D - 2 scrolls of vulnerability
 G - 2 scrolls of holy word
 H - 2 scrolls of enchant weapon
 N - 2 scrolls of enchant armour
Potions
 f - 3 potions of haste
 g - 4 potions of heal wounds
 h - a potion of invisibility
 l - 4 potions of curing
 n - 2 potions of ambrosia
 q - 3 potions of brilliance
 t - 3 potions of mutation
 u - 3 potions of attraction
 z - a potion of lignification {unknown}
 B - a potion of magic {unknown}
 E - 2 potions of flight {unknown}


   Skills:
 + Level 11.8 Fighting
 + Level 16.3 Axes
 + Level 10.1 Armour
 - Level 5.7 Shields
 + Level 7.9 Invocations


You had 12 spell levels left.
You didn't know any spells.
Your spell library contained the following spells:

 Spells                   Type           Power      Damage    Failure   Level
 Summon Small Mammal      Summ           0%         N/A       90%         1
 Corpse Rot               Necr/Air       0%         N/A       97%         2
 Ensorcelled Hibernation  Hex/Ice        0%         N/A       97%         2
 Passwall                 Tmut/Erth      0%         N/A       97%         2
 Poisonous Vapours        Pois/Air       0%         N/A       97%         2
 Call Canine Familiar     Summ           0%         N/A       99%         3
 Confusing Touch          Hex            0%         N/A       99%         3
 Ignite Poison            Fire/Tmut/Pois 0%         N/A       99%         3
 Summon Guardian Golem    Hex/Summ       0%         N/A       99%         3
 Swiftness                Air            0%         N/A       99%         3
 Summon Ice Beast         Ice/Summ       0%         N/A       100%        4
 Summon Mana Viper        Hex/Summ       0%         N/A       100%        5
 Yara's Violent Unravell  Hex/Tmut       0%         3d3       100%        5
 Eringya's Noxious Bog    Tmut/Pois      0%         N/A       100%        6
 Enfeeble                 Hex            0%         N/A       100%        7
 Monstrous Menagerie      Summ           0%         N/A       100%        7
 Death's Door             Necr           0%         N/A       100%        9


Dungeon Overview and Level Annotations

Branches:
Dungeon (11/15)            Temple (1/1) D:6            Lair (0/6) D:9
Ossuary (visited)          Bailey (visited)
    Orc: D:9-12

Altars:
Ashenzari
Cheibriados
Dithmenos
Elyvilon
Fedhas
Gozag
Hepliaklqana
Kikubaaqudgha
Makhleb
Nemelex Xobeh
Okawaru
Qazlal
Ru
Sif Muna
Trog
Uskayaw
Vehumet
Wu Jian
Xom
Yredelemnul
Zin
The Shining One

Shops:
D:4 !   D:9 (

Annotations:
D:11 Fannar


Innate Abilities, Weirdness & Mutations

You are amphibious.
You cover ground slowly.
You can hop long distances.
You have an extended range of vision and can be seen from far away.


Message History

Fannar is heavily wounded.
You slash the ice beast!
You melt the ice beast.
You kill the ice beast!
The ice beast disappears in a puff of smoke!
Fannar hits you but does no damage.
You slice Fannar!! You burn Fannar.
Fannar is severely wounded.
You slash the yak! You burn the yak. You miss Fannar.
Fannar is severely wounded.
You hit the yak but do no damage.
Fannar hits you with a +0 quarterstaff of freezing!
* * * LOW HITPOINT WARNING * * *
Fannar freezes you.
* * * LOW HITPOINT WARNING * * *
The yak closely misses you.
You barely miss Fannar.
Fannar is severely wounded.
You hit the yak. You burn the yak. The yak closely misses you.
Fannar says, "You will make a fine ice sculpture."
Fannar casts a spell.
Fannar blinks!
Hop to where?
Press: ? - help, Dir - move target Boing!
Your legs are too worn out to hop.
Unknown command.
There is an open door here.
You hear the steady crackling of a distant melting archway.
The yak gores you.
* * * LOW HITPOINT WARNING * * *
The yak gores you.
* * * LOW HITPOINT WARNING * * *
The yak attacks as you move away! The yak gores you but does no damage.
Fannar mumbles some strange words. x2
The yak gores you but does no damage. x2
The yak attacks as you move away! The yak gores you.
* * * LOW HITPOINT WARNING * * *
The yak gores you!
You die...

#..)))..# #.......+
#.......# ######'## #.#
#.### #..÷#
###########)## ######+###
#.......@YY.e###.........
#........Y...YC#.........
#............#.#.........
#............#.#..Y......
#............#.#.........
.............#Y#.........
#............#.†C........
##.########+####...e.....
#. #.........


You could see Fannar, a cyclops, 2 yaks and 2 ice beasts.

Vanquished Creatures
  An orc warlord (Bailey)
  Harold (D:11)
  A centaur warrior (D:10)
  A cyclops (D:7)
  2 gargoyles
  An unseen horror (D:10)
  A troll (D:10)
  Grinder (D:6)
  Sigmund (D:3)
  17 yaks
  Eustachio (D:6)
  A steam dragon (D:7)
  An acid dragon (D:8)
  3 water moccasins (D:7)
  A sky beast (D:7)
  A black bear (D:4)
  4 ice beasts
  5 orc warriors
  An ogre (D:4)
  5 centaurs
  2 kobold brigands
  6 bullfrogs
  2 elf zombies (Ossuary)
  A scorpion (D:5)
  3 necrophages
  7 wights
  8 killer bees (D:8)
  A howler monkey (D:9)
  3 centaur zombies (Ossuary)
  2 jellies
  3 hounds
  3 orc priests
  2 gnoll shamans (D:4)
  A human zombie (Ossuary)
  Jessica (D:2)
  4 iguanas
  5 orc wizards
  2 mummies (Ossuary)
  11 gnolls
  6 adders
  A shadow imp (D:8)
  A white imp (D:7)
  An ufetubus (D:7)
  An adder zombie (Ossuary)
  A worm (D:2)
  3 dart slugs
  40 orcs
  A ball python (D:2)
  4 bats
  7 endoplasms
  2 giant cockroaches
  8 goblins
  9 hobgoblins
  A jackal (D:2)
  5 quokkas
  4 frilled lizards
  3 goblin zombies (Ossuary)
  7 hobgoblin zombies (Ossuary)
  A jackal zombie (Ossuary)
  19 kobolds
  10 kobold zombies (Ossuary)
  9 orc zombies (Ossuary)
  6 rats
267 creatures vanquished.

Vanquished Creatures (collateral kills)
  An orc wizard (D:6)
  A gnoll (D:6)
  A kobold (D:6)
3 creatures vanquished.

Vanquished Creatures (others)
  An orc wizard (D:7)
  A plant (D:1)
2 creatures vanquished.

Grand Total: 272 creatures vanquished

Notes
Turn   | Place    | Note
-------+----------+-------------------------------------------
     0 | D:1      | YayAnonymity the Barachi Fighter began the quest for the
                  | Orb.
     0 | D:1      | Reached XP level 1. HP: 18/18 MP: 1/1
   220 | D:1      | Reached XP level 2. HP: 24/24 MP: 2/2
   247 | D:1      | Reached skill level 3 in Axes
   832 | D:2      | Reached XP level 3. HP: 29/29 MP: 3/3
   846 | D:2      | Reached skill level 4 in Axes
   896 | D:2      | Identified the +1 robe of the Wumpus {Drain rC++ Int+7}
  1037 | D:2      | Noticed Jessica
  1046 | D:2      | Killed Jessica
  1047 | D:2      | Reached XP level 4. HP: 15/36 MP: 4/4
  1479 | D:2      | Reached skill level 5 in Axes
  1617 | D:2      | Found an ornate altar of the Wu Jian Council.
  1982 | D:3      | Reached XP level 5. HP: 13/41 MP: 5/5
  1982 | D:3      | HP: 2/41 [orc/+0 war axe (4)]
  2733 | D:3      | Noticed Sigmund
  2744 | D:3      | Killed Sigmund
  2745 | D:3      | Reached skill level 7 in Axes
  2745 | D:3      | Reached XP level 6. HP: 20/47 MP: 1/6
  3492 | D:4      | Found Urosonk's Distillery.
  3514 | D:4      | Bought a potion of heal wounds for 55 gold pieces
  3523 | D:4      | Found a sand-covered staircase.
  3527 | Ossuary  | Entered an ossuary
  3594 | Ossuary  | Reached skill level 8 in Axes
  3651 | Ossuary  | Reached XP level 7. HP: 52/52 MP: 7/7
  3789 | Ossuary  | Reached skill level 9 in Axes
  4779 | D:4      | Reached skill level 10 in Axes
  4779 | D:4      | Reached XP level 8. HP: 20/59 MP: 3/8
  5394 | D:5      | Entered Level 5 of the Dungeon
  6478 | D:5      | Reached skill level 11 in Axes
  7547 | D:6      | Reached skill level 12 in Axes
  7577 | D:6      | Reached XP level 9. HP: 16/64 MP: 1/9
  7884 | D:6      | Identified 2 scrolls of acquirement
  7884 | D:6      | Acquired 697 gold pieces
  8027 | D:6      | Found a staircase to the Ecumenical Temple.
  8039 | Temple   | Entered the Ecumenical Temple
  8083 | Temple   | Became a worshipper of Cheibriados the Contemplative
  8315 | D:6      | Reached skill level 13 in Axes
  8778 | D:6      | Noticed Eustachio
  8792 | D:6      | Killed Eustachio
  8840 | D:6      | Noticed Grinder
  8856 | D:6      | Killed Grinder
  9128 | D:7      | Reached * piety under Cheibriados
  9258 | D:7      | Reached skill level 5 in Fighting
  9258 | D:7      | Reached skill level 5 in Armour
  9440 | D:7      | Reached XP level 10. HP: 75/75 MP: 10/10
  9637 | D:7      | Reached skill level 1 in Invocations
  9642 | D:7      | Noticed a cyclops
  9649 | D:7      | Killed a cyclops
  9758 | D:7      | Got the Papyrus of Evil Intoxication
  9878 | D:7      | Reached skill level 14 in Axes
 10073 | D:8      | Found a hazy altar of Hepliaklqana.
 10252 | D:8      | Noticed a gargoyle
 10266 | D:8      | Killed a gargoyle
 10266 | D:8      | Reached ** piety under Cheibriados
 10967 | D:8      | Found a glowing golden altar of the Shining One.
 10967 | D:8      | Found a shimmering altar of Xom.
 10968 | D:8      | Found an opulent altar of Gozag.
 11455 | D:9      | Found a staircase to the Lair.
 11513 | D:9      | Reached *** piety under Cheibriados
 11951 | D:9      | Reached XP level 11. HP: 55/82 MP: 6/13
 12133 | D:9      | Found Ypeps's Weapon Shop.
 12314 | D:10     | Entered Level 10 of the Dungeon
 12437 | D:10     | Found a flagged portal.
 12459 | Bailey   | Entered a bailey
 12463 | Bailey   | Noticed an orc warlord
 12648 | Bailey   | Found a runed translucent gate.
 12650 | Bailey   | Found a runed translucent gate.
 12653 | Bailey   | Found a runed translucent gate.
 12844 | Bailey   | Killed an orc warlord
 12898 | D:10     | Reached skill level 10 in Fighting
 12898 | D:10     | Reached skill level 15 in Axes
 12898 | D:10     | Reached XP level 12. HP: 77/98 MP: 14/16
 12899 | D:10     | Reached skill level 16 in Axes
 12899 | D:10     | Reached skill level 5 in Shields
 12899 | D:10     | Gained mutation: You can hop long distances. [Barachi
                  | growth]
 12899 | D:10     | Reached XP level 13. HP: 84/106 MP: 14/18
 13501 | D:11     | Noticed Harold
 13506 | D:11     | Reached **** piety under Cheibriados
 13515 | D:11     | Killed Harold
 13566 | D:11     | Reached skill level 10 in Armour
 13812 | D:11     | Noticed Fannar
 13849 | D:11     | HP: 4/107 [yak (4)]
 13849 | D:11     | Mangled by a yak

Illustrated notes

Levels and vault maps discovered:
D:1:      dpeg_arrival_chambers_temple_mockup, layout_loops_ring,
          serial_bayou_pond_e
D:2:      layout_basic, basic_altar, kennysheep_generic_room_7, uniq_jessica
D:3:      layout_basic, uniq_sigmund
D:4:      layout_layer_cave, nicolae_ossuary_entry_plus, serial_shops, shop
D:5:      layout_basic
D:6:      layout_rooms, minmay_temple_entry_hall, kennysheep_decorative_pillar,
          dreamdust_princess_corridor, uniq_grinder, uniq_eustachio
D:7:      minmay_chambers_of_sixes, layout_gridville
D:8:      layout_rooms, mainiacjoe_overflow_catwalk,
          gammafunk_temple_overflow_claw
D:9:      layout_rooms, lair_entry_dummy, serial_shops,
          nicolae_shop_advertising_works [nicolae_subvault_shop_adworks]
D:10:     layout_basic, enter_bailey_1
D:11:     layout_roguey, portal_ice_cave_entry_ice_simulacra, serial_curves,
          eino_curves_01, eino_curves_01, eino_curves_01, eino_curves_02,
          uniq_harold, uniq_erica, uniq_fannar
Temple:   eino_narrow_crystal_temple

Skill      XL: |  1  2  3  4  5  6  7  8  9 10 11 12 13 |
---------------+----------------------------------------+-----
Axes           | 3 4 5 7 8 10 12 13 14 15 16 | 16.3
Fighting       | 5 7 10 11 | 11.8
Armour         | 5 7 8 9 10 | 10.1
Shields        | 4 5 |  5.7
Invocations    | 3 6 7 |  7.9

Action                   |  1- 3 |  4- 6 |  7- 9 | 10-12 | 13-15 || total
-------------------------+-------+-------+-------+-------+-------++-------
Melee: War axe           |    92 |   118 |   340 |   251 |    93 ||   894
       Hand axe          |       |       |       |       |     8 ||     8
Throw: Dart              |       |     4 |     2 |    18 |       ||    24
       Boomerang         |       |       |       |     6 |       ||     6
Invok: Temporal Distorti |       |       |       |       |     1 ||     1
 Abil: Hop               |       |       |     1 |       |     1 ||     2
  Use: Scroll            |       |     8 |     7 |     5 |     1 ||    21
       Potion            |       |       |       |     4 |     2 ||     6
Armor: Scale mail        |    44 |    45 |    50 |       |       ||   139
       Chain mail        |       |       |    42 |       |       ||    42
       Plate armour      |       |       |    61 |   152 |    65 ||   278
Dodge: Dodged            |    42 |    56 |   138 |    63 |    28 ||   327
Block: Buckler           |    19 |    16 |    83 |    65 |    34 ||   217

Table legend: (Time is in decaauts)
 A = Elapsed time spent in this place.
 B = Non-inter-level travel time spent in this place.
 C = Inter-level travel time spent in this place.
 D = Time resting spent in this place.
 E = Time spent auto-exploring this place.
 F = Levels seen in this place.
 G = Mean time per level.
                   A        B        C        D        E       F      G
               +--------+--------+--------+--------+--------+-----+--------+
         Total |  16546 |  15948 |    598 |   3167 |   9911 |  14 | 1181.9 |
       Dungeon |  15156 |  14577 |    579 |   3167 |   9081 |  11 | 1377.8 |
        Temple |    278 |    260 |     18 |      0 |    238 |   1 |  278.0 |
       Ossuary |    410 |    410 |      0 |      0 |    231 |   1 |  410.0 |
        Bailey |    702 |    702 |      0 |      0 |    360 |   1 |  702.0 |
               +--------+--------+--------+--------+--------+-----+--------+

Top non-repeatable levels by time:
     D:4: 2371 daAuts
     D:5: 2187 daAuts
     D:8: 1696 daAuts
     D:7: 1509 daAuts
     D:3: 1482 daAuts
     D:2: 1328 daAuts
     D:9: 1153 daAuts
     D:6: 1114 daAuts
    D:10: 1064 daAuts
     D:1: 885 daAuts
  Bailey: 702 daAuts
 Ossuary: 410 daAuts
    D:11: 362 daAuts
  Temple: 278 daAuts
